 Dungeon Crawl Stone Soup version 0.30-a0-852-g08b95dd62f (webtiles) character file.

Game seed: 5339475126036936402

46 Rocko1345 the Trooper (level 3, -5/29 HPs)
             Began as a Mummy Monk on Mar 4, 2023.
             Was a Priest of Wu Jian.
             Slain by a worm (11 damage)
             ... on level 2 of the Dungeon on Mar 5, 2023.
             The game lasted 00:05:43 (1557 turns).

Rocko1345 the Trooper (Mummy Monk)                  Turns: 1557, Time: 00:05:43

Health: -5/29      AC:  2    Str: 14    XL:     3   Next: 44%
Magic:  3/3        EV: 13    Int:  9    God:    Wu Jian [***...]
Gold:   139        SH:  0    Dex: 16    Spells: 2/2 levels left

rFire   x . .      SeeInvis .    e - +0 short sword
rCold   + . .      Faith    +    (no shield)
rNeg    + + +      Spirit   .    a - +0 robe
rPois   ∞          Reflect  .    (no helmet)
rElec   .          Rampage  .    (no cloak)
rCorr   .                        (no gloves)
Will    .....                    (no boots)
Stlth   ++                       (no amulet)
HPRegen 0.24/turn                (no ring)
MPRegen 0.08/turn                (no ring)

@: no status effects
A: cold resistance 1, negative energy resistance 3, torment resistance 2, heat
vulnerability 1, in touch with death 1, no potions, faith
a: Renounce Religion, Wall Jump, Serpent's Lash


You were on level 2 of the Dungeon.
You worshipped Wu Jian.
Wu Jian was most pleased with you.
You visited 1 branch of the dungeon, and saw 2 of its levels.

You collected 139 gold pieces.

Inventory:

Hand Weapons
 e - a +0 short sword (weapon)
 f - a +0 sling
Armour
 a - a +0 robe (worn)
Scrolls
 b - 3 scrolls of identify {unknown}
 c - a scroll of silence {unknown}
 d - 2 scrolls of teleportation {unknown}
 g - a scroll of amnesia {unknown}
 h - a scroll of magic mapping {unknown}


   Skills:
 + Level 3.3 Fighting
 + Level 0.1 Short Blades
 * Level 0.3 Ranged Weapons
 + Level 0.1 Throwing
 + Level 3.1 Dodging
 * Level 1.8 Stealth
 + Level 2.5 Unarmed Combat


You had 2 spell levels left.
You didn't know any spells.
Your spell library contained the following spells:

 Spells                   Type           Power      Damage    Failure   Level
 Cigotuvi's Dreadful Rot  Necr/Pois/Air  0%         N/A       52%         2
 Poisonous Vapours        Pois/Air       0%         N/A       52%         2
 Mephitic Cloud           Conj/Pois/Air  0%         N/A       77%         3


Dungeon Overview and Level Annotations

Branches:
Dungeon (2/15)

Altars:
Wu Jian


Innate Abilities, Weirdness & Mutations

You are immune to poison.
Your flesh is cold resistant. (rC+)
You are immune to negative energy. (rN+++)
You are immune to unholy pain and torment.
You are vulnerable to heat. (rF-)
You are in touch with the powers of death.
You do not drink.
You have a special connection with the divine. (Faith)


Message History

The Council accepts your kill.
You see here a +0 club.
You hit the worm but do no damage.
The worm is lightly wounded.
The worm misses you.
You hit the worm.
The worm is lightly wounded.
You hit the worm.
The worm is moderately wounded.
The worm bites you!
* * * LOW HITPOINT WARNING * * *
You hit the worm.
The worm is heavily wounded.
You hit the worm.
The worm is severely wounded.
The worm bites you.
* * * LOW HITPOINT WARNING * * *
Aiming: Wall Jump
Press: ? - help, Dir - move target You repeatedly attack the worm from above.
You hit the worm but do no damage.
The worm is heavily wounded.
You hit the worm but do no damage.
The worm is heavily wounded.
The worm barely misses you.
You hit the worm but do no damage.
The worm is heavily wounded.
You hit the worm.
The worm is heavily wounded.
The worm bites you.
* * * LOW HITPOINT WARNING * * *
You hit the worm but do no damage.
The worm is heavily wounded.
The worm barely misses you.
You hit the worm but do no damage.
The worm is moderately wounded.
You hit the worm but do no damage.
The worm is moderately wounded.
The worm bites you!
You die...

#
######....###....####........#
# #...####..## #......### #
#..........# #.......... ..
#..........# #.......... #.
.........# ##.......... ...
.........####...........
..........##...†........
..........##............
.......@w.#.............
.....$......#..###.####
..........#.#..## .#
..........#.....# .#
...#.####.......##.# ## #.
###........# # ###...####
#...# ..###


You could see a worm.

Vanquished Creatures
  2 worms (D:2)
  A dart slug (D:2)
  An endoplasm (D:2)
  3 goblins (D:1)
  4 hobgoblins
  4 kobolds
  5 quokkas
  8 ball pythons
  4 bats
  4 rats
36 creatures vanquished.

Notes
Turn   | Place    | Note
-------+----------+-------------------------------------------
     0 | D:1      | Rocko1345 the Mummy Monk began the quest for the Orb.
     0 | D:1      | Reached XP level 1. HP: 18/18 MP: 1/1
   220 | D:1      | Reached XP level 2. HP: 12/24 MP: 2/2
   851 | D:1      | Found a faded altar of an unknown god.
   856 | D:1      | Prayed at the altar of an unknown god.
   856 | D:1      | Became a worshipper of the Wu Jian Council
   856 | D:1      | Reached * piety under Wu Jian
   856 | D:1      | Reached ** piety under Wu Jian
  1082 | D:1      | Reached *** piety under Wu Jian
  1143 | D:2      | Gained mutation: You are in touch with the powers of death.
                  | [Mummy growth]
  1143 | D:2      | Reached XP level 3. HP: 28/29 MP: 3/3
  1557 | D:2      | Slain by a worm

Illustrated notes

Levels and vault maps discovered:
D:1:      evilmike_arrival_crescent, layout_basic,
          hellmonk_ecumenical_altar_leap_of_faith, minmay_misc_feat_x
D:2:      layout_rooms

Skill      XL: |  1  2 |
---------------+-------+-----
Dodging        | 3 |  3.1
Fighting       | |  3.3
Short Blades   | |  0.1
Ranged Weapons | |  0.3
Throwing       | |  0.1
Stealth        | |  1.8
Unarmed Combat | |  2.5

Action                     || total
---------------------------++-------
  Melee: Short sword       ||   133
         Unarmed           ||    12
         Punch             ||     3
   Fire: Sling             ||    12
  Throw: Stone             ||     8
 Invoke: Serpent's Lash    ||     2
Ability: Lunge             ||     9
         Whirlwind         ||    10
         Wall Jump         ||     4
   Stab: Sleeping          ||     4
 Armour: Robe              ||    23
  Dodge: Dodged            ||    83

Table legend: (Time is in decaauts)
 A = Elapsed time spent in this place.
 B = Non-inter-level travel time spent in this place.
 C = Inter-level travel time spent in this place.
 D = Time resting spent in this place.
 E = Time spent auto-exploring this place.
 F = Levels seen in this place.
 G = Mean time per level.
                   A        B        C        D        E       F      G
               +--------+--------+--------+--------+--------+-----+--------+
         Total |   1564 |   1552 |     12 |    200 |    892 |   2 |  782.0 |
       Dungeon |   1564 |   1552 |     12 |    200 |    892 |   2 |  782.0 |
               +--------+--------+--------+--------+--------+-----+--------+

Top non-repeatable levels by time:
     D:1: 1138 daAuts
     D:2: 426 daAuts
